 Dungeon Crawl Stone Soup version 0.29-a0-577-gafbf2c5d25 (webtiles) character file.

Game seed: 9651590417667912895

112 porpoise the Shooter (level 4, -1/27 HPs)
             Began as a Tengu Hunter on June 13, 2022.
             Shot with an arrow by a centaur (6 damage)
             ... on level 3 of the Dungeon on June 14, 2022.
             The game lasted 00:08:29 (2567 turns).

porpoise the Shooter (Tengu Hunter)                 Turns: 2567, Time: 00:08:30

Health: -1/27      AC:  4    Str: 11    XL:     4   Next: 93%
Magic:  5/5        EV: 12    Int: 10    God:
Gold:   88         SH:  0    Dex: 19    Spells: 1/3 levels left

rFire   . . .      SeeInvis .   b - +1 short sword (speed)
rCold   . . .      Faith    .   (no shield)
rNeg    . . .      Spirit   .   f - +0 leather armour
rPois   .          Reflect  .   (helmet restricted)
rElec   .          Harm     .   d - scarf {repulsion}
rCorr   .          Rampage  .   n - +0 pair of gloves
Will    .....                   (boots unavailable)
Stlth   ++........              (no amulet)
HPRegen 0.09/turn               (no ring)
MPRegen 0.09/turn               (no ring)

@: repel missiles
A: beak, talons 3
a: no special abilities


You were on level 3 of the Dungeon.
You visited 1 branch of the dungeon, and saw 3 of its levels.

You collected 88 gold pieces.

Inventory:

Hand Weapons
 a - a +1 shortbow
 b - a +1 short sword of speed (weapon)
 k - a +1 vampiric short sword
Armour
 d - a scarf of repulsion (worn)
 e - an orb of light
 f - a +0 leather armour (worn)
 n - a +0 pair of gloves (worn)
Wands
 i - a wand of flame (21)
Scrolls
 c - a scroll of immolation
 h - 5 scrolls of identify {unknown}
 l - 2 scrolls of summoning {unknown}
 m - a scroll of amnesia {unknown}
 o - a scroll of blinking {unknown}
 p - a scroll of teleportation {unknown}
Potions
 g - a potion of might {unknown}
 j - a potion of lignification {unknown}


   Skills:
 + Level 2.9 Fighting
 * Level 5.6 Bows
 - Level 2.1 Dodging
 + Level 2.4 Stealth


You had one spell level left.
You knew the following spells:

 Your Spells              Type           Power      Damage    Failure   Level
k - Blink                 Tloc           0%         N/A       58%         2

Your spell library contained the following spells:

 Spells                   Type           Power      Damage    Failure   Level
 Conjure Flame            Conj/Fire      0%         6-21      83%         3
 Dazzling Flash           Conj/Hex       0%         N/A       83%         3
 Lesser Beckoning         Tloc           0%         N/A       83%         3
 Flame Wave               Conj/Fire      0%         2d4       99%         4
 Agony                    Necr           0%         N/A       100%        5
 Manifold Assault         Tloc           0%         N/A       100%        5
 Silence                  Hex/Air        0%         N/A       100%        5
 Iron Shot                Conj/Erth      0%         9d1       100%        6
 Starburst                Conj/Fire      0%         6d3       100%        6


Dungeon Overview and Level Annotations

Branches:
Dungeon (3/15)

Altars:

Shops:
D:1 (   D:3 [


Innate Abilities, Weirdness & Mutations

You have a beak for a mouth.
You have claws for feet.


Message History

You kill the ball python!
No target in view!
No target in view!
You see here a ball python corpse.
A ball python comes into view.
The ball python moves out of view.
As you open the door, it creaks loudly!
Found a mace.
There is an open door here.
You open the door.
Found a stone staircase leading up.
There is an open door here.
There is an open door here.
You open the large door.
Found a rapier.
There is a large open door here.
There is a large open door here.
A centaur comes into view.
Found 4 atropa-tipped darts and a scroll labelled SEHUEJ OT CITE.
Unknown command.
You shoot an arrow. The arrow hits the centaur.
The centaur shouts!
The centaur is lightly wounded.
The centaur wields a +0 shortbow.
The centaur shoots an arrow.
The arrow hits you.
The centaur shoots an arrow.
The arrow hits you!
You shoot an arrow. The arrow hits the centaur.
The centaur is moderately wounded.
The centaur shoots an arrow.
The arrow closely misses you.
The centaur shoots an arrow.
The arrow barely misses you.
The centaur shoots an arrow.
The arrow hits you.
Your hands tingle!
b - a +1 short sword of speed (weapon)
The centaur shoots an arrow.
The arrow barely misses you.
You open the door.
The centaur shoots an arrow.
The arrow hits you!
* * * LOW HITPOINT WARNING * * *
The centaur shoots an arrow.
The arrow misses you.
There is an open door here.
The centaur shoots an arrow.
The arrow closely misses you.
The centaur shoots an arrow.
The arrow hits you.
You die...

.#####.##.#.###########
.......................#
.#.###.................#
.#'###.................#
....##.................
....##............^....
....##.........#...#
....##...(.....'...+
....##.........#@..#
....''.........#...#
#...##.........#?..###
#...##...............(
#...##................
#...##.....)....c.......
##.###..................
...# #..................
##.# #.........?......


You could see a centaur.

Vanquished Creatures
  Terence (D:3)
  Robin (D:3)
  2 adders (D:3)
  3 worms
  A dart slug (D:2)
  3 endoplasms (D:3)
  3 giant cockroaches
  5 hobgoblins
  7 kobolds
  2 quokkas (D:1)
  5 ball pythons
  3 bats
  2 frilled lizards (D:1)
  7 goblins
  2 rats (D:1)
47 creatures vanquished.

Notes
Turn   | Place    | Note
-------+----------+-------------------------------------------
     0 | D:1      | porpoise the Tengu Hunter began the quest for the Orb.
     0 | D:1      | Reached XP level 1. HP: 12/12 MP: 2/2
     2 | D:1      | Noticed a draconian
     4 | D:1      | Noticed an ogre
     4 | D:1      | Noticed a formicid
     6 | D:1      | Noticed a demigod
     8 | D:1      | Noticed a minotaur
     8 | D:1      | Noticed a naga
    10 | D:1      | Noticed a vampire
    12 | D:1      | Noticed a merfolk
    14 | D:1      | Noticed a ghoul
    14 | D:1      | Noticed a dwarf
    16 | D:1      | Noticed a felid
    18 | D:1      | Noticed a human
    18 | D:1      | Noticed a demonspawn
    20 | D:1      | Noticed a tengu
    20 | D:1      | Noticed an octopode
    22 | D:1      | Noticed a gargoyle
    22 | D:1      | Noticed a vine stalker
    24 | D:1      | Noticed an elf
    24 | D:1      | Noticed a spriggan
    26 | D:1      | Noticed a troll
   124 | D:1      | Reached XP level 2. HP: 17/17 MP: 3/3
   457 | D:1      | Found Nekhlofocw's Antique Weapon Shop.
   654 | D:1      | Reached XP level 3. HP: 10/22 MP: 4/4
   901 | D:1      | Reached skill level 5 in Bows
  1070 | D:2      | Learned a level 2 spell: Blink
  1278 | D:2      | Found a faded altar of an unknown god.
  1384 | D:2      | Got the Almanac of the Scorching Rocks
  1530 | D:3      | Found Sireok's Antique Armour Boutique.
  1822 | D:3      | Noticed Robin
  1826 | D:3      | Reached XP level 4. HP: 24/27 MP: 5/5
  1835 | D:3      | Killed Robin
  2200 | D:3      | Noticed Terence
  2213 | D:3      | Killed Terence
  2557 | D:3      | Noticed a centaur
  2567 | D:3      | Shot with an arrow by a centaur

Illustrated notes

Levels and vault maps discovered:
D:1:      kb_arrival_jail, layout_basic, serial_shops, shop, nicolae_wormholes
D:2:      layout_rooms, chequers_ecumenical_altar_island
D:3:      layout_basic, serial_shops,
          nicolae_shop_temple_entry_statues_fountains, uniq_robin, uniq_terence

Skill      XL: |  1  2  3 |
---------------+----------+-----
Bows           | 5 |  5.6
Stealth        | 2 |  2.4
Fighting       | |  2.9
Dodging        | |  2.1

Action                   |  1- 3 |  4- 6 || total
-------------------------+-------+-------++-------
Melee: Short sword       |       |    10 ||    10
       Kick              |       |     4 ||     4
       Peck              |       |     2 ||     2
       Punch             |       |     1 ||     1
 Fire: Shortbow          |    90 |    28 ||   118
  Use: Potion            |       |     2 ||     2
Armor: Leather armour    |     4 |     7 ||    11
Dodge: Dodged            |    18 |    18 ||    36
       Repelled          |       |     1 ||     1

Table legend: (Time is in decaauts)
 A = Elapsed time spent in this place.
 B = Non-inter-level travel time spent in this place.
 C = Inter-level travel time spent in this place.
 D = Time resting spent in this place.
 E = Time spent auto-exploring this place.
 F = Levels seen in this place.
 G = Mean time per level.
                   A        B        C        D        E       F      G
               +--------+--------+--------+--------+--------+-----+--------+
         Total |   2596 |   2533 |     63 |    739 |   1469 |   3 |  865.3 |
       Dungeon |   2596 |   2533 |     63 |    739 |   1469 |   3 |  865.3 |
               +--------+--------+--------+--------+--------+-----+--------+

Top non-repeatable levels by time:
     D:3: 1144 daAuts
     D:1: 1060 daAuts
     D:2: 391 daAuts
